 Dungeon Crawl Stone Soup version 0.27.1-34-g3ba077fa99 (webtiles) character file.

Game seed: 8067250273157218800

2 cbfl8 the Sneak (level 1, -7/19 HPs)
             Began as a Minotaur Delver on Jan 14, 2022.
             Mangled by a wyvern skeleton (9 damage)
             ... on level 6 of the Dungeon.
             The game lasted 00:01:44 (398 turns).

cbfl8 the Sneak (Minotaur Delver)                    Turns: 398, Time: 00:01:45

Health: -7/19      AC:  3    Str: 16    XL:     1   Next: 25%
Magic:  0/0        EV: 11    Int:  7    God:
Gold:   59         SH:  0    Dex: 11    Spells: 0/0 levels left

rFire    . . .     SeeInvis .   a - +0 hand axe
rCold    . . .     Faith    .   (no shield)
rNeg     . . .     Spirit   .   b - +0 leather armour
rPois    .         Reflect  .   (helmet restricted)
rElec    .         Harm     .   (no cloak)
rCorr    .         Rampage  .   (no gloves)
Will     .....                  (no boots)
Stlth    ++........             (no amulet)
HPRegen  0.06/turn              (no ring)
MPRegen  0.07/turn              (no ring)

@: no status effects
A: horns 2, retaliatory headbutt
a: no special abilities


You were on level 6 of the Dungeon.
You visited 1 branch of the dungeon, and saw 2 of its levels.

You collected 59 gold pieces.

Inventory:

Hand Weapons
 a - a +0 hand axe (weapon)
 i - a +0 dagger
 j - a +0 club
Armour
 b - a +0 leather armour (worn)
Wands
 g - a wand of digging (3)
Scrolls
 c - a scroll of fog
 d - a scroll of magic mapping
Potions
 f - a potion of haste
 h - a potion of heal wounds {unknown}


   Skills:
 + Level 3.6 Fighting
 + Level 2.4 Axes
 + Level 2.2 Dodging
 + Level 4.1 Stealth


You couldn't memorise any spells.
You didn't know any spells.
Your spell library contained the following spells:

 Spells                   Type           Power      Damage    Failure   Level
 Alistair's Intoxication  Tmut/Pois      0%         N/A       100%        5
 Borgnjor's Vile Clutch   Necr/Erth      0%         N/A       100%        5
 Eringya's Noxious Bog    Tmut/Pois      0%         N/A       100%        6


Dungeon Overview and Level Annotations

Branches:
Dungeon (6/15)
 Temple: D:4-7

Altars:
Uskayaw

Shops:
D:6 :

Annotations:
D:5 Eustachio


Innate Abilities, Weirdness & Mutations

You have a pair of horns on your head.
You reflexively headbutt those who attack you in melee.


Message History

You closely miss the orc. You headbutt the orc, but do no damage.
The orc hits you with a +0 club.
You closely miss the orc. The orc hits you with a +0 club. The orc misses you.
You barely miss the orc. The orc closely misses you.
You barely miss the orc. The orc barely misses you.
You closely miss the orc. You headbutt the orc!
You kill the orc!
There is a stone staircase leading down here.
Things that are here:
a +0 club; an orc corpse
Found a scroll labelled CUOCIL UFFOORR.
Found a chain mail.
You start resting.
You start resting.
HP restored.
You open the door.
There is an open door here.
Eustachio the Magnificent comes into view.
He is wielding a +1 rapier of venom.
Eustachio shouts!
There is an open door here.
Eustachio mumbles some strange words.
There is a stone staircase leading down here.
Things that are here:
a +0 club; an orc corpse You can't go up here!
You climb downwards.
The wyvern skeleton bites you. x2
There is a stone staircase leading up, spattered with blood here.
You barely miss the wyvern skeleton. The wyvern skeleton bites you.
The wyvern skeleton bites you!
* * * LOW HITPOINT WARNING * * *
You hit the wyvern skeleton.
The wyvern skeleton is lightly damaged.
The wyvern skeleton bites you.
* * * LOW HITPOINT WARNING * * *
As you read the scroll of fear, it crumbles to dust.
You assume a fearsome visage.
The wyvern skeleton is unaffected.
The jelly looks frightened!
The jelly quivers.
The wyvern skeleton bites you!
You die...

###.. .### #..J. ..# #..#
#.... #.# #..# #..o.
###.###### ####..# ....
#........# #.....### #..
+........# ###.##....#
#..###Z.......######.......#.#
#....'...............8.8.8.#.#
##.###........@Z.............#
#! #.J....<.######.........#
#+ #........# #......#..#
....######## #....._#..##
.....# #......#...# .....#
#........#.# .....#
#........#.# ... #.8.8.8..#.#
#........#.#


You could see a jelly (fleeing) and a wyvern skeleton.

Vanquished Creatures
  An orc (D:5)
1 creature vanquished.

Notes
Turn   | Place    | Note
-------+----------+-------------------------------------------
     0 | D:5      | cbfl8 the Minotaur Delver began the quest for the Orb.
     0 | D:5      | Reached XP level 1. HP: 19/19 MP: 0/0
     1 | D:6      | Noticed a centaur
     1 | D:6      | Found Yghi's Book Shoppe.
    70 | D:5      | Noticed a centaur
   118 | D:6      | Found a hide-covered altar of Uskayaw.
   246 | D:6      | Noticed a jelly
   386 | D:5      | Noticed Eustachio
   398 | D:6      | Mangled by a wyvern skeleton

Illustrated notes

Levels and vault maps discovered:
D:5:      wander_guarded_unrand_ratskin, layout_gridville, uniq_blork_the_orc,
          uniq_eustachio
D:6:      layout_basic, mainiacjoe_overflow_catwalk,
          eat_drink_and_be_merry_uskayaw, temple_hall, nicolae_stop_n_shop_1,
          uniq_edmund

Action                   || total
-------------------------++-------
Melee: Hand axe          ||     7
       Headbutt          ||     2
  Use: Scroll            ||     1
Dodge: Dodged            ||     3
